Map: Frozen Temple

Players

Hellhammer - Winner!

  • Race: Terran Terran
  • League: Gold

Ivatrain

  • Race: Zerg Zerg
  • League: Gold

VOD

Have the link to the VOD?

Description

Time

  • Played on: April 3, 2016, 9:36 a.m.
  • Length: 18:56
Show
View Real Time Build Order
Export as new Build Order

Hellhammer Terran - Winner!

Build Orders: MMM Bio 

Get SALT Encoding   

  12  0:01  SCV  
  13  0:13  SCV  
  14  0:17  Supply Depot  
  14  0:25  SCV  
  15  0:39  SCV  
  15  0:41  Barracks  
  16  0:46  Refinery  
  16  0:51  SCV  
  17  1:03  SCV  
  18  1:15  SCV  
  19  1:28  Refinery  
  19  1:29  Marine  
  19  1:30  Supply Depot  
  20  1:35  Orbital Command  
  20  1:50  Factory  
  20  2:02  SCV  
  20  2:04  Barracks Reactor  
  21  2:08  Barracks  
  21  2:14  SCV  
  22  2:19  Supply Depot  
  22  2:27  SCV  
  23  2:33  Factory Tech Lab  
  23  2:41  Marine x2  
  23  2:42  SCV  
  26  2:52  Siege Tank  
  26  2:56  Barracks Tech Lab  
  29  2:59  Marine  
  29  3:03  Marine  
  31  3:06  Supply Depot  
  31  3:07  Supply Depot  
  30  3:26  Marine x2  
  18  3:43  Marine  
  18  3:44  Marine  
  19  4:01  SCV  
  20  4:06  Marine  
  21  4:15  SCV  
  22  4:20  Stimpack  
  22  4:24  Barracks Reactor  
  22  4:27  SCV  
  23  4:36  Siege Tank  
  26  4:39  SCV  
  27  4:53  SCV  
  22  5:09  Marine  
  22  5:10  Marine  
  25  5:21  SCV, Command Center  
  25  5:28  Marauder  
  27  5:34  SCV  
  28  5:42  Supply Depot  
  28  5:48  SCV  
  29  5:51  Marine x2  
  29  5:55  Marauder  
  33  6:00  SCV  
  34  6:11  Marine  
  34  6:12  Marine  
  36  6:19  SCV  
  37  6:32  Engineering Bay, Marine x2  
  37  6:33  Engineering Bay  
  39  6:40  Orbital Command  
  39  6:51  Combat Shields  
  39  6:55  SCV  
  40  7:06  Starport  
  40  7:09  Orbital Command  
  40  7:23  Marine x2  
  40  7:25  Terran Infantry Weapons Level 1  
  40  7:26  Terran Infantry Armor Level 1  
  42  7:35  SCV x2  
  46  7:37  Marauder  
  46  7:46  Starport Reactor  
  46  8:02  SCV  
  46  8:03  SCV  
  48  8:06  Command Center  
  48  8:11  Siege Tank  
  51  8:18  SCV x2  
  53  8:22  Supply Depot  
  42  8:43  Marine x2  
  42  8:45  SCV x2  
  42  8:46  Medivac x2  
  38  8:55  Barracks  
  38  8:57  SCV x2  
  38  9:02  Siege Tank  
  43  9:09  SCV  
  44  9:15  Refinery  
  44  9:17  Refinery  
  44  9:20  Orbital Command  
  44  9:24  Concussive Shells  
  44  9:28  SCV x2  
  44  9:29  Barracks  
  46  9:34  Missile Turret  
  46  9:39  Missile Turret  
  46  9:46  Marine x2  
  46  9:47  Barracks Reactor  
  46  9:51  SCV x2  
  50  9:59  Marauder  
  52  10:05  SCV x3  
  55  10:11  Marine  
  55  10:12  Marine  
  57  10:18  Barracks Reactor, Armory  
  57  10:25  SCV x3  
  60  10:34  Siege Tank, Marine x2  
  65  10:36  Liberator  
  65  10:40  Liberator  
  65  10:43  Marine x2  
  65  10:45  SCV x3  
  74  10:57  SCV  
  74  11:01  SCV x2  
  79  11:06  Marine x2  
  79  11:07  Marine  
  79  11:10  SCV  
  83  11:14  Supply Depot  
  83  11:23  Liberator  
  83  11:24  Liberator  
  83  11:27  Siege Tank  
  83  11:28  Marine x2  
  83  11:29  Marine x2  
  81  11:38  Marauder  
  83  11:40  Factory  
  83  11:45  SCV x3  
  92  11:50  Marine  
  92  11:53  Supply Depot  
  93  12:03  Terran Infantry Armor Level 2, Terran Infantry Weapons Level 2  
  93  12:14  Marine x2  
  93  12:15  Supply Depot, Siege Tank  
  98  12:18  SCV x2  
  98  12:19  SCV, Liberator  
  98  12:22  Terran Ship Weapons Level 1  
  101  12:24  Factory Reactor  
  104  12:37  SCV x3  
  107  12:46  Supply Depot x2  
  107  12:50  Command Center, Marine  
  107  12:51  Marine  
  109  12:56  Supply Depot  
  109  13:03  Fusion Core  
  109  13:05  Liberator  
  109  13:07  Widow Mine x2, Marine x2  
  109  13:08  SCV x3  
  109  13:11  Marine x2  
  120  13:22  Barracks x2  
  120  13:25  Barracks  
  123  13:27  SCV x3  
  123  13:33  Refinery  
  126  13:36  Refinery  
  126  13:38  Widow Mine x2  
  126  13:40  Siege Tank  
  133  14:03  Starport  
  133  14:10  Widow Mine x2  
  133  14:12  Siege Tank, Marine x3  
  133  14:13  Barracks Reactor, Marine  
  144  14:23  Supply Depot  
  144  14:27  Marine  
  144  14:28  Supply Depot x2  
  144  14:29  Supply Depot  
  144  14:31  Planetary Fortress  
  145  14:34  Marine x2  
  145  14:35  Marine  
  148  14:42  Starport Tech Lab, Barracks Reactor  
  148  14:44  Barracks Reactor, Marine  
  149  14:48  Widow Mine x2  
  149  14:49  Siege Tank  
  149  14:50  SCV x3  
  149  14:52  Marine x2  
  160  14:58  Terran Infantry Weapons Level 3  
  160  14:59  Terran Infantry Armor Level 3  
  161  15:14  Refinery x2  
  161  15:18  Drilling Claws  
  161  15:19  Widow Mine x2  
  165  15:21  Siege Tank, Marine  
  165  15:22  Marine x6  
  165  15:23  Marine x3  
  178  15:32  Marine  
  178  15:35  Terran Ship Weapons Level 2  
  179  15:36  SCV  
  179  15:40  Command Center  
  180  15:54  Supply Depot  
  180  15:58  Supply Depot  
  180  16:15  Marine x7  
  180  16:16  SCV  
  188  16:19  Marine x4  
  188  16:20  SCV  
  174  16:33  Marine x7  
  176  16:42  Marine x3  
  176  16:43  Widow Mine x3, Marine  
  176  16:46  Medivac x2  
  176  16:47  Medivac  
  179  17:03  Marine x7  
  179  17:04  Marine x3  
  183  17:10  Liberator x3  
  183  17:12  Siege Tank  
  186  17:17  Marine  
  186  17:20  Marine  
  188  17:44  Siege Tank  
  188  17:45  Marine x5  
  188  17:46  Marine x5  
  200  18:26  Marine x2  
Show
View Real Time Build Order
Export as new Build Order

Ivatrain Zerg 

Build Orders: Pool First, Zergling Baneling 

Get SALT Encoding   

  12  0:05  Drone  
  13  0:12  Drone  
  14  0:16  Drone, Extractor  
  14  0:35  Spawning Pool  
  13  0:36  Drone  
  14  0:46  Overlord  
  14  1:21  Queen  
  14  1:22  Zergling x6  
  19  1:25  Metabolic Boost  
  19  1:34  Zergling x2  
  20  1:44  Overlord  
  20  1:55  Zergling x2  
  21  2:01  Baneling Nest  
  21  2:06  Zergling x2  
  21  2:18  Zergling x2  
  22  2:31  Zergling x8  
  26  2:50  Baneling  
  26  2:51  Baneling x3  
  26  2:52  Baneling  
  26  2:53  Baneling  
  26  2:55  Zergling x4  
  28  3:02  Overlord  
  28  3:03  Zergling x4  
  27  3:24  Zergling x2  
  27  3:25  Zergling x2  
  21  3:40  Zergling x2  
  21  3:41  Zergling x6  
  21  3:55  Zergling x2  
  22  3:59  Baneling  
  22  4:00  Baneling x3  
  22  4:08  Zergling x2  
  23  4:13  Zergling x4  
  23  4:14  Zergling x2  
  26  4:20  Baneling  
  26  4:21  Baneling  
  26  4:25  Zergling x2  
  27  4:37  Zergling x2  
  27  4:41  Zergling x6  
  25  5:03  Zergling x2  
  25  5:04  Zergling x2  
  20  5:17  Zergling x2  
  21  5:23  Hatchery  
  21  5:24  Drone  
  21  5:49  Lair  
  21  5:50  Drone x2  
  21  5:51  Drone  
  21  5:56  Drone  
  25  6:01  Baneling x2  
  25  6:10  Drone x2  
  27  6:19  Drone x2  
  29  6:29  Extractor  
  28  6:41  Queen  
  28  6:43  Drone x2  
  32  6:52  Drone x3  
  35  7:01  Drone x2  
  37  7:23  Drone x4  
  37  7:24  Drone x2  
  43  7:37  Overlord  
  43  7:38  Overlord  
  43  7:47  Spire  
  43  7:50  Zergling x4  
  44  7:55  Zergling x4  
  44  7:56  Zergling x8  
  50  8:09  Extractor  
  50  8:11  Extractor  
  50  8:12  Drone x3  
  51  8:16  Hatchery  
  51  8:19  Baneling x7  
  50  8:31  Spore Crawler  
  50  8:33  Spine Crawler  
  48  8:35  Spore Crawler  
  38  8:49  Zergling x16  
  46  8:58  Drone x4  
  50  9:09  Overlord x2  
  50  9:15  Drone x2  
  52  9:28  Centrifical Hooks  
  52  9:31  Zerg Flyer Weapons Level 1  
  52  9:37  Baneling  
  52  9:38  Baneling x6  
  52  9:43  Queen  
  54  9:51  Drone x6  
  60  9:53  Drone  
  60  9:55  Drone  
  62  10:02  Overlord  
  62  10:28  Drone x5  
  64  10:29  Drone  
  64  10:30  Drone, Mutalisk  
  64  10:31  Mutalisk x4  
  64  10:32  Mutalisk  
  64  10:35  Mutalisk  
  81  10:38  Mutalisk  
  85  10:48  Extractor  
  85  10:49  Extractor  
  83  10:58  Evolution Chamber x2, Drone x2  
  83  11:03  Zergling x14  
  90  11:04  Overlord  
  90  11:05  Overlord  
  88  11:36  Zergling x26  
  88  11:37  Zergling x8  
  88  11:39  Baneling x6  
  105  11:40  Baneling x3  
  105  11:41  Baneling  
  105  11:50  Overlord x2  
  105  11:51  Overlord  
  105  12:00  Overlord x2  
  105  12:11  Zerg Flyer Weapons Level 2  
  105  12:13  Zerg Ground Armor Level 1, Zerg Melee Weapons Level 1  
  103  12:43  Infestation Pit  
  102  12:50  Drone x4  
  102  12:51  Drone x3  
  109  13:01  Overlord x2  
  109  13:02  Overlord x2  
  109  13:03  Zergling x10  
  114  13:17  Hatchery  
  113  13:27  Hive  
  113  13:31  Corruptor x3  
  113  13:32  Corruptor x4  
  127  13:35  Corruptor  
  127  13:40  Corruptor  
  131  13:54  Pneumatized Carapace  
  131  14:02  Mutalisk  
  131  14:03  Mutalisk x6  
  145  14:13  Zerg Melee Weapons Level 2  
  145  14:14  Zerg Ground Armor Level 2  
  145  14:38  Greater Spire  
  145  14:42  Corruptor x4  
  153  15:06  Queen  
  155  15:10  Drone x4  
  155  15:11  Drone x8  
  155  15:13  Drone  
  168  15:52  Corruptor  
  168  15:53  Corruptor x6  
  168  15:54  Overlord  
  168  15:55  Overlord x5  
  182  15:57  Overlord x2  
  147  16:27  Corruptor  
  147  16:28  Corruptor x8  
  147  16:31  Baneling x4  
  147  16:32  Baneling  
  161  16:40  Zergling x2  
  161  16:41  Zergling x14  
  143  17:08  Mutalisk x3  
  129  17:21  Brood Lord  
  90  17:57  Brood Lord x2  
  92  18:06  Extractor  
  92  18:07  Extractor  
  92  18:10  Brood Lord x2  
  80  18:27  Corruptor  
Tags
 
Add a new tag
Caveats
  • Supply blocks, unpowered buildings, or Contaminate may cause inaccurate times.
  • Supply counts are checked every 10 seconds.